 Dungeon Crawl Stone Soup version 0.20-a0-266-gdedccd6 (webtiles) character file.

105 PurpleRed the Grave Robber (level 4, 0/30 HPs)
             Began as a Mummy Necromancer on Dec 5, 2016.
             Slain by a hound (2 damage)
             ... on level 4 of the Dungeon.
             The game lasted 00:09:11 (4096 turns).

PurpleRed the Grave Robber (Mummy Necromancer)      Turns: 4096, Time: 00:09:11

Health: 0/30       AC:  2    Str: 11    XL:     4   Next: 54%
Magic:  0/9        EV: 14    Int: 15    God:
Gold:   133        SH:  0    Dex: 12    Spells: 5/10 levels left

rFire  x . .     SeeInvis .     j - +1 short sword
rCold  + . .     Gourm    .     a - +0 robe
rNeg   + + +     Faith    .     (no shield)
rPois  ∞         Spirit   .     (no helmet)
rElec  .         Reflect  .     (no cloak)
rCorr  .         Harm     .     (no gloves)
MR     .....                    (no boots)
Stlth  ++........               (no amulet)
                                h - +2 ring of evasion
                                (no ring)

@: very slightly contaminated
A: no food or potions, fire vulnerability, cold resistance 1, negative energy
resistance 3, torment resistance, unbreathing
a: no special abilities


You were on level 4 of the Dungeon.
You were not hungry.

You visited 1 branch of the dungeon, and saw 4 of its levels.

You collected 133 gold pieces.

Inventory:

Hand Weapons
 g - a +0 trident
 j - a +1 short sword (weapon)
 k - a +0 spear
Armour
 a - a +0 robe (worn)
 c - a +0 ring mail
Jewellery
 h - a +2 ring of evasion (right hand)
Scrolls
 d - 5 scrolls of identify
 e - a scroll of remove curse
 f - 2 scrolls of recharging
 i - a scroll of fog
Books
 b - a book of Necromancy

   Spells                             Type                      Level
   a - Pain                           Necromancy                   1
   b - Animate Skeleton               Necromancy                   1
   c - Vampiric Draining              Necromancy                   3
   d - Regeneration                   Charms/Necromancy            3
   e - Animate Dead                   Necromancy                   4
   f - Control Undead                 Necromancy                   4


   Skills:
 - Level 1.5 Dodging
 - Level 1.5 Stealth
 + Level 3.5 Spellcasting
 + Level 5.0 Necromancy


You had 5 spell levels left.
You knew the following spells:

 Your Spells              Type           Power        Failure   Level  Hunger
a - Pain                  Necr           ###.         2%          1    N/A
b - Animate Skeleton      Necr           N/A          2%          1    N/A
c - Vampiric Draining     Necr           ###.......   10%         3    N/A

Dungeon Overview and Level Annotations

Branches:
Dungeon (4/15)
 Temple: D:4-7

Altars:
Ashenzari


Innate Abilities, Weirdness & Mutations

You do not eat or drink.
Your flesh is vulnerable to fire.
You are immune to poison.
Your flesh is cold resistant. (rC+)
You are immune to negative energy. (rN+++)
You are immune to unholy pain and torment.
You can survive without breathing.


Message History

j - a +1 short sword (weapon)
Casting: Vampiric Draining
Confirm with . or Enter, or press ? or * to list all spells.
Aiming: Pain
Press: ? - help, Shift-Dir - straight line, f/p - hound
Aim: a hound (moderately wounded, chance to defeat MR: 82%)
The hound writhes in agony!
The hound completely misses you. The hound bites you but does no damage.
You closely miss the hound.
The hound is heavily wounded.
The hound bites you.
* * * LOW HITPOINT WARNING * * *
The hound barely misses you.
You hit the hound.
The hound is severely wounded.
The hound barely misses you.
You hit the hound but do no damage.
The hound is severely wounded.
The hound closely misses you. The hound bites you.
You die...

#....#
##...........!#
..#..
###..........#
# ..
#..........# ..
#..........#
#..........#
####..##.#.#
##.# .. #h# .#
#@# #.....#
....##.##
...### .# .# .#
.# .. #.


You could see a hound.

Vanquished Creatures
  A worker ant (D:4)
  2 adders (D:3)
  2 worms
  3 dart slugs
  A leopard gecko (D:4)
  5 orcs (D:4)
  A giant cockroach (D:1)
  5 goblins
  6 hobgoblins
  2 jackals (D:2)
  5 kobolds
  A quokka (D:2)
  A ball python (D:1)
  2 bats
  5 frilled lizards
  6 rats
48 creatures vanquished.

Notes
Turn   | Place    | Note
-------+----------+-------------------------------------------
     0 | D:1      | PurpleRed the Mummy Necromancer began the quest for the Orb.
     0 | D:1      | Reached XP level 1. HP: 13/13 MP: 3/3
   553 | D:1      | Reached XP level 2. HP: 19/19 MP: 0/5
   820 | D:1      | Found a shattered altar of Ashenzari.
  1329 | D:2      | Learned a level 1 spell: Animate Skeleton
  2138 | D:3      | Reached XP level 3. HP: 24/24 MP: 0/7
  2143 | D:3      | Learned a level 3 spell: Vampiric Draining
  2938 | D:3      | Noticed a phantom
  3689 | D:3      | Reached XP level 4. HP: 15/30 MP: 4/8
  4060 | D:4      | Reached skill level 5 in Necromancy
  4096 | D:4      | Slain by a hound

Vault maps used:
D:1:      dpeg_arrival_three_bigger_balls, minmay_misc_feat_cross,
          evilmike_ruin_ashenzari
D:2:      first_bread
D:4:      lemuel_blue_sif_altar

Skill      XL: |  1  2  3  4 |
---------------+-------------+-----
Spellcasting   | 3 |  3.5
Necromancy     | 5 |  5.0
Dodging        | |  1.5
Stealth        | |  1.5

Action                   |  1- 3 |  4- 6 || total
-------------------------+-------+-------++-------
Melee: Trident           |    42 |    32 ||    74
       Short sword       |       |     3 ||     3
 Cast: Pain              |    75 |     8 ||    83
       Animate Skeleton  |     2 |       ||     2
       Vampiric Draining |     2 |     1 ||     3
  Use: Scroll            |     4 |     1 ||     5
Armor: Robe              |    17 |     3 ||    20
Dodge: Dodged            |    62 |    48 ||   110
